 Dungeon Crawl Stone Soup version 0.25-a0-277-g7046ed1b37 (webtiles) character file.

Game seed: 12816435762263643912, levelgen mode: deterministic

83 Jerej03 the Covert (level 4, -3/26 HPs)
             Began as a Vampire Assassin on Dec 9, 2019.
             Was a Follower of Cheibriados.
             Slain by Terence
             ... wielding a +0 flail
              (7 damage)
             ... on level 2 of the Dungeon.
             The game lasted 00:09:56 (861 turns).

Jerej03 the Covert (Vampire Assassin)                Turns: 861, Time: 00:09:56

Health: -3/26      AC:  3    Str: 13    XL:     4   Next: 22%
Magic:  4/4        EV: 12    Int: 16    God:    Cheibriados [*.....]
Gold:   124        SH:  0    Dex: 19    Spells: 3/3 levels left

rFire    . . .     SeeInvis +   a - +2 dagger
rCold    + + .     Gourm    .   (no shield)
rNeg     + + +     Faith    .   b - +0 robe
rPois    ∞         Spirit   .   (no helmet)
rElec    .         Reflect  .   c - +0 cloak
rCorr    +         Harm     .   (no gloves)
MR       .....                  (no boots)
Stlth    ++++++....             j - amulet of magic regeneration
HPRegen  0.00/turn              f - ring of resist corrosion
MPRegen  0.34/turn              (no ring)

@: bloodless, very slow
A: no food, fangs 3, see invisible, unbreathing
a: Bat Form, Revivify, Bend Time, Renounce Religion


You were on level 2 of the Dungeon.
You worshipped Cheibriados.
Cheibriados was aware of your devotion.
You were bloodless.

You visited 1 branch of the dungeon, and saw 2 of its levels.

You collected 124 gold pieces.

Inventory:

Hand Weapons
 a - a +2 dagger (weapon)
 g - a +2 short sword of holy wrath
Missiles
 d - 19 poisoned darts (quivered)
 e - 2 curare-tipped darts
 i - 4 javelins
 r - 6 datura-tipped darts
Armour
 b - a +0 robe (worn)
 c - a +0 cloak (worn)
Jewellery
 f - a ring of resist corrosion (left hand)
 j - an amulet of magic regeneration (around neck)
Scrolls
 k - a scroll of magic mapping
 m - a scroll of teleportation
 n - a scroll of blinking
Potions
 h - 3 potions of curing {unknown}
 l - 2 potions of flight {unknown}
 o - a potion of degeneration {unknown}
 p - 2 potions of heal wounds {unknown}
 q - 2 potions of agility {unknown}


   Skills:
 + Level 2.0 Fighting
 + Level 2.6 Short Blades
 + Level 1.7 Throwing
 + Level 1.5 Dodging
 * Level 8.0 Stealth


You had 3 spell levels left.
You didn't know any spells.
Your spell library was empty.

Dungeon Overview and Level Annotations

Branches:
Dungeon (2/15)

Altars:
Cheibriados

Annotations:
D:2 Terence


Innate Abilities, Weirdness & Mutations

You do not eat.
You do not regenerate when monsters are visible.
You are frail without blood (-20% HP).
You can heal yourself when you bite living creatures.
You are immune to poison.
You have razor-sharp teeth.
You have supernaturally acute eyesight. (SInv)
You can survive without breathing.


Message History

You feel better.
Terence is moderately wounded.
Terence hits you with a +0 flail!
You hit Terence.
Terence is heavily wounded.
You hit Terence but do no damage.
Terence is heavily wounded.
Terence hits you with a +0 flail.
* * * LOW HITPOINT WARNING * * *
Terence completely misses you. Terence hits you with a +0 flail.
* * * LOW HITPOINT WARNING * * *
You don't know any spells.
Throwing (i - inventory. (/) - cycle)
d - 20 poisoned darts (quivered)
Press: ? - help, Shift-Dir - straight line, f - Terence
Aim: Terence, wielding a +0 flail and wearing a +0 ring mail (moderately wounded)
You throw a poisoned dart.
The poisoned dart barely misses Terence.
Terence hits you with a +0 flail!
You die...

#####.###...###......
#......#####.....####
#......# #.....#
#......# #.....#
#......### #.....##
#........# #......#
#......#.###......###
#......#...#.........
#...@@(###.#.....###.
##......###.#######
#.........#.# ..
#...........# .#
#...........# ..
######...>..#.#
#...(#)..#
#####.(.......
#.........


You could see Terence.

Vanquished Creatures
  A worker ant (D:2)
  2 adders (D:2)
  2 worms (D:2)
  A dart slug (D:2)
  3 leopard geckos
  3 bats (D:1)
  A giant cockroach (D:2)
  4 goblins
  2 hobgoblins
  5 kobolds
  A quokka (D:2)
  2 ball pythons (D:1)
  3 rats
30 creatures vanquished.

Notes
Turn   | Place    | Note
-------+----------+-------------------------------------------
     0 | D:1      | Jerej03 the Vampire Assassin began the quest for the Orb.
     0 | D:1      | Reached XP level 1. HP: 16/16 MP: 1/1
     6 | D:1      | Noticed a killer bee
     6 | D:1      | Noticed a hound
     6 | D:1      | Noticed a black mamba
     6 | D:1      | Noticed a lindwurm
    28 | D:1      | Reached skill level 6 in Stealth
    95 | D:1      | Reached XP level 2. HP: 17/22 MP: 2/2
   447 | D:2      | Reached skill level 7 in Stealth
   587 | D:2      | Reached XP level 3. HP: 24/27 MP: 3/3
   607 | D:2      | Found a faded altar of an unknown god.
   625 | D:2      | Became a worshipper of Cheibriados the Contemplative
   625 | D:2      | Reached * piety under Cheibriados
   781 | D:2      | Reached XP level 4. HP: 24/26 MP: 4/4
   823 | D:2      | Reached skill level 8 in Stealth
   850 | D:2      | Noticed Terence
   861 | D:2      | Slain by Terence

Levels and vault maps discovered:
D:1:      onia_arrival_zoo_common, layout_basic
D:2:      layout_basic, chequers_ecumenical_altar_simple_redux,
          mrwooster_statue_mirror, uniq_terence, uniq_jessica

Skill      XL: |  1  2  3  4 |
---------------+-------------+-----
Stealth        | 6 7 8 |  8.0
Fighting       | 2 |  2.0
Short Blades   | |  2.6
Throwing       | |  1.7
Dodging        | |  1.5

Action                   |  1- 3 |  4- 6 || total
-------------------------+-------+-------++-------
Melee: Dagger            |    88 |    10 ||    98
       Bite              |     8 |     3 ||    11
Throw: Dart              |     7 |     8 ||    15
 Abil: Exsanguinate      |     1 |       ||     1
  Use: Scroll            |     6 |       ||     6
 Stab: Sleeping          |     5 |       ||     5
Armor: Robe              |    19 |     1 ||    20
Dodge: Dodged            |    44 |     1 ||    45

Table legend:
 A = Non-vault XP
 B = Vault XP
 C = Vault XP percentage of total XP
 D = Non-vault monster count
 E = Vault monster count
 F = Vault count percentage of total count
                 A         B        C        D         E       F
            +---------+---------+-------+---------+---------+-------
      Total |     119 |       0 |   0.0 |      30 |       0 |   0.0
            +---------+---------+-------+---------+---------+-------
        D:1 |      27 |       0 |   0.0 |      15 |       0 |   0.0
        D:2 |      92 |       0 |   0.0 |      15 |       0 |   0.0
            +---------+---------+-------+---------+---------+-------
